 Dungeon Crawl Stone Soup version 0.29-a0-816-g82769f0e0c (webtiles) character file.

Game seed: 5172338048159333313

202 Morbidden the Conjurer (level 5, 0/38 HPs)
             Began as a Demonspawn Conjurer on July 5, 2022.
             Was a Priest of Cheibriados.
             Slain by an orc priest
             ... wielding a +0 short sword
              (4 damage)
             ... on level 3 of the Dungeon.
             The game lasted 00:03:15 (3058 turns).

Morbidden the Conjurer (Demonspawn Conjurer)        Turns: 3058, Time: 00:03:15

Health: 0/38       AC:  4    Str: 14    XL:     5   Next: 50%
Magic:  5/8        EV: 12    Int: 27    God:    Cheibriados [***...]
Gold:   174        SH:  0    Dex: 17    Spells: 2/9 levels left

rFire   . . .      SeeInvis +   a - +5 dagger (protect)
rCold   . . .      Faith    .   (no shield)
rNeg    . . .      Spirit   .   g - +1 robe
rPois   .          Reflect  .   (no helmet)
rElec   .          Harm     .   (no cloak)
rCorr   .          Rampage  .   (no gloves)
Will    .....                   (no boots)
Stlth   ++........              j - amulet of regeneration
HPRegen 0.92/turn               o - ring of see invisible
MPRegen 0.11/turn               (no ring)

@: very slow
A: rugged brown scales 1, spiny 1
a: Renounce Religion, Bend Time, Temporal Distortion


You were on level 3 of the Dungeon.
You worshipped Cheibriados.
Cheibriados was most pleased with you.
You visited 1 branch of the dungeon, and saw 3 of its levels.

You collected 174 gold pieces.

Inventory:

Hand Weapons
 a - a +5 dagger of protection (weapon)
Armour
 g - a +1 robe (worn)
Jewellery
 j - an amulet of regeneration (around neck)
 o - a ring of see invisible (left hand)
Scrolls
 c - a scroll of brand weapon {unknown}
 d - 3 scrolls of enchant armour
 e - a scroll of fog {unknown}
 f - a scroll of enchant weapon {unknown}
 i - a scroll of vulnerability {unknown}
 l - a scroll of immolation {unknown}
 m - 2 scrolls of acquirement {unknown}
 n - a scroll of blinking {unknown}
 p - a scroll of identify {unknown}
 q - 2 scrolls of poison {unknown}
Potions
 b - a potion of magic
 k - a potion of flight {unknown}
 r - a potion of mutation {unknown}
 s - a potion of invisibility {unknown}


   Skills:
 * Level 1.0 Fighting
 * Level 0.5 Short Blades
 * Level 2.3 Dodging
 + Level 2.0 Stealth
 + Level 0.6 Unarmed Combat
 * Level 2.6 Spellcasting
 * Level 5.5 Conjurations
 * Level 0.5 Translocations
 * Level 1.5 Invocations


You had 2 spell levels left.
You knew the following spells:

 Your Spells              Type           Power      Damage    Failure   Level
a - Magic Dart            Conj           100%       1d8       1%          1
b - Searing Ray           Conj           66%        2d6       1%          2
c - Iskenderun's Mystic   Conj/Tloc      20%        2d6       26%         4

Your spell library contained the following spells:

 Spells                   Type           Power      Damage    Failure   Level
 Dazzling Flash           Conj/Hex       36%        N/A       9%          3
 Fulminant Prism          Conj/Hex       9%         3d7       28%         4
 Fireball                 Conj/Fire      9%         3d6       63%         5
 Starburst                Conj/Fire      9%         6d5       99%         6
 Ignition                 Fire           1%         3d3       100%        8


Dungeon Overview and Level Annotations

Branches:
Dungeon (3/15)

Altars:
Cheibriados


Innate Abilities, Weirdness & Mutations

You are partially covered in rugged brown scales. (AC +1, +3% HP)
You are partially covered in sharp spines.


Message History

The orc priest hits you but does no damage.
Unknown command.
The orc priest attacks as you move away!
The orc priest is struck by your spines.
The orc priest hits you but does no damage.
The orc priest looks braver for a moment.
The orc priest invokes the aid of Beogh against you.
Beogh smites you!
* * * LOW HITPOINT WARNING * * *
You hear an angry hiss.
Unknown command.
Unknown command.
Unknown command.
Casting: Magic Dart (safe; 1% risk of failure)
Confirm with . or Enter, or press ? or * to list all spells.
Aiming: Searing Ray (safe; 1% risk of failure)
Press: ? - help, Shift-Dir - straight line, f - orc priest
Aim: an orc priest, wielding a +0 club (heavily wounded, 81% to hit)
The searing ray hits the orc priest!
You kill the orc priest!
Cheibriados thoroughly appreciates the change of pace.
You can now warp the flow of time around you.
The searing ray hits the orc priest.
The orc priest is moderately wounded.
The searing ray hits the orc priest.
The orc priest is moderately wounded. (Press . to maintain the ray.)
Your Fighting skill increases to level 1!
Your Stealth skill increases to level 2!
Unknown command.
Unknown command.
Unknown command.
The searing ray hits the orc priest.
The orc priest is severely wounded.
The searing ray hits the orc priest.
The orc priest is severely wounded.
A ball python comes into view.
The orc priest is struck by your spines.
The orc priest hits you with a +0 short sword.
You die...

...## #.## ....####
#..# .......########.#
..........>.....#
....##.########.#
..#.##.########.#######
....##.................
.##############.######.
# #.@oo.# #.###S# #.#
.. #.# ## #.. #.# #.#
#.


You could see 2 orc priests and a ball python.

Vanquished Creatures
  An orc priest (D:3)
  Jessica (D:2)
  2 orc wizards (D:3)
  4 adders
  A worm (D:3)
  A dart slug (D:2)
  5 orcs (D:3)
  5 endoplasms
  5 goblins
  6 hobgoblins
  4 jackals (D:3)
  2 quokkas
  3 ball pythons
  6 bats
  2 frilled lizards
  3 kobolds
  9 rats
60 creatures vanquished.

Vanquished Creatures (others)
  A withered plant (D:1)
1 creature vanquished.

Grand Total: 61 creatures vanquished

Notes
Turn   | Place    | Note
-------+----------+-------------------------------------------
     0 | D:1      | Morbidden the Demonspawn Conjurer began the quest for the
                  | Orb.
     0 | D:1      | Reached XP level 1. HP: 13/13 MP: 3/3
   147 | D:1      | Found a faded altar of an unknown god.
   304 | D:1      | Gained mutation: You are partially covered in rugged brown
                  | scales. (AC +1, +3% HP) [demonic ancestry]
   304 | D:1      | Reached XP level 2. HP: 2/19 MP: 0/5
  1106 | D:1      | Prayed at the altar of an unknown god.
  1106 | D:1      | Became a worshipper of Cheibriados the Contemplative
  1106 | D:1      | Reached * piety under Cheibriados
  1519 | D:2      | Gained mutation: You are partially covered in sharp spines.
                  | [demonic ancestry]
  1519 | D:2      | Reached XP level 3. HP: 23/24 MP: 2/6
  1522 | D:2      | Learned a level 2 spell: Searing Ray
  1836 | D:2      | Reached skill level 5 in Conjurations
  1837 | D:2      | Reached ** piety under Cheibriados
  2180 | D:2      | Noticed Jessica
  2191 | D:2      | Killed Jessica
  2192 | D:2      | Reached XP level 4. HP: 15/31 MP: 2/7
  2517 | D:3      | Reached skill level 1 in Invocations
  2654 | D:3      | Learned a level 4 spell: Iskenderun's Mystic Blast
  2709 | D:3      | Reached XP level 5. HP: 37/37 MP: 8/8
  3057 | D:3      | Reached *** piety under Cheibriados
  3058 | D:3      | Reached skill level 1 in Fighting
  3058 | D:3      | Slain by an orc priest

Illustrated notes

Levels and vault maps discovered:
D:1:      spicycebolla_arrival_clurvy, layout_basic, basic_ecumenical_altar,
          minmay_splitting_lines, nrook_campfire, nrook_mini_backslash,
          grunt_decor_junction, minmay_misc_feat_diagonals, minmay_pentomino_q2
D:2:      layout_basic, kennysheep_generic_room_5, uniq_jessica
D:3:      layout_loops_ring

Skill      XL: |  1  2  3  4  5 |
---------------+----------------+-----
Dodging        | 2 |  2.3
Conjurations   | 5 |  5.5
Invocations    | 1 |  1.5
Fighting       | 1 |  1.0
Stealth        | 2 |  2.0
Short Blades   | |  0.5
Unarmed Combat | |  0.6
Spellcasting   | |  2.6
Translocations | |  0.5

Action                   |  1- 3 |  4- 6 || total
-------------------------+-------+-------++-------
Melee: Unarmed           |    25 |       ||    25
       Dagger            |    23 |    32 ||    55
 Cast: Magic Dart        |    46 |    11 ||    57
       Searing Ray       |     1 |     2 ||     3
  Use: Potion            |     1 |     1 ||     2
       Scroll            |       |     1 ||     1
 Stab: Sleeping          |     1 |     1 ||     2
Armor: Robe              |     9 |    12 ||    21
       Skin              |     4 |       ||     4
Dodge: Dodged            |    32 |    21 ||    53

Table legend: (Time is in decaauts)
 A = Elapsed time spent in this place.
 B = Non-inter-level travel time spent in this place.
 C = Inter-level travel time spent in this place.
 D = Time resting spent in this place.
 E = Time spent auto-exploring this place.
 F = Levels seen in this place.
 G = Mean time per level.
                   A        B        C        D        E       F      G
               +--------+--------+--------+--------+--------+-----+--------+
         Total |   3702 |   3524 |    178 |    291 |   2835 |   3 | 1234.0 |
       Dungeon |   3702 |   3524 |    178 |    291 |   2835 |   3 | 1234.0 |
               +--------+--------+--------+--------+--------+-----+--------+

Top non-repeatable levels by time:
     D:1: 1568 daAuts
     D:2: 1409 daAuts
     D:3: 725 daAuts
